 Dungeon Sprint DCSS version 0.21-a0-361-g4efd3f9 (webtiles) character file.

42371 Kidiri the Slayer (level 13, -6/116 HPs)
             Began as a Grey Draconian Berserker on Oct 13, 2017.
             Was the Champion of Trog.
             Mangled by a deep elf knight
             ... wielding a +0 long sword
              (9 damage)
             ... in the Dungeon (Sprint VII: "The Pits").
             The game lasted 00:29:50 (6403 turns).

Kidiri the Slayer (Grey Draconian Berserker)        Turns: 6403, Time: 00:29:50

Health: -6/116     AC: 16    Str: 32 (33) XL:     13   Next: 85%
Magic:  13/13      EV: 21    Int:  9      God:    Trog [******]
Gold:   34         SH:  0    Dex: 10      Spells: 12/12 levels left

rFire    . . .     SeeInvis .   a - +5 great mace "Qiguaper" {drain, rElec Stlth+}
rCold    + . .     Gourm    +   (shield currently unavailable)
rNeg     . . .     Faith    .   (armour unavailable)
rPois    .         Spirit   .   (helmet restricted)
rElec    +         Reflect  .   x - +0 cloak
rCorr    .         Harm     .   (no gloves)
MR       .....     NoTele   +   t - +0 pair of boots
Stlth    ++........             u - amulet "Ylicreulue" {Gourm Str+4}
HPRegen  0.29/turn              q - +3 ring of evasion
MPRegen  0.13/turn              r - +3 ring of strength

@: berserk cooldown, very slightly contaminated, slowed, very slow
A: walk through water, unfitting armour, cold resistance 1, deterioration 1,
frail 2, shaggy fur 1, strong 1, unbreathing, cold-blooded, AC +13
a: Berserk, Trog's Hand, Brothers in Arms, Burn Spellbooks, Renounce Religion


You were in the Dungeon.
You worshipped Trog.
Trog was exalted by your worship.
You were very full.

You visited 1 branch You collected 34 gold pieces.

Inventory:

Hand Weapons
 a - the +5 great mace "Qiguaper" (weapon) {drain, rElec Stlth+}
   (Trog gifted it to you in the Dungeon)

   A truly terrible weapon, it drains the life of those it strikes.
   It insulates you from electricity.
   It makes you more stealthy.
Missiles
 i - 4 javelins of returning
 p - 13 steel javelins
 v - 5 silver javelins
 B - 6 poisoned javelins (quivered)
Armour
 t - a +0 pair of boots (worn)
 x - a +0 cloak (worn)
Jewellery
 q - a +3 ring of evasion (left hand)
 r - a +3 ring of strength (right hand)
 u - the amulet "Ylicreulue" (around neck) {Gourm Str+4}
   (You found it in the Dungeon)

   [amulet of the gourmand]

   It allows you to eat raw meat even when not hungry.
   It affects your strength (+4).
Wands
 w - a wand of lightning (4/15)
Scrolls
 h - 3 scrolls of blinking
 k - 4 scrolls of remove curse
 l - a scroll of summoning
 y - a scroll of identify
 C - 2 scrolls of enchant armour
 D - 2 scrolls of fear
 E - 7 scrolls of enchant weapon
Potions
 c - 8 potions of curing
 d - 14 potions of heal wounds
 e - a potion of haste
 f - 4 potions of magic
 g - 6 potions of berserk rage
 j - 2 potions of invisibility
 s - a potion of brilliance
 z - 2 potions of might
 A - a potion of agility
Comestibles
 b - 13 bread rations
 m - 22 fruits
 n - 9 meat rations
 o - 3 chunks of flesh
 F - 20 royal jellies


   Skills:
 * Level 22.5 Fighting
 * Level 21.0 Maces & Flails
 + Level 14.4 Throwing
 - Level 13.8 Dodging
 - Level 0.3 Stealth


You had 12 spell levels left.
You didn't know any spells.

Dungeon Overview and Level Annotations

Branches:
Dungeon (1/1)

Altars:
Ashenzari
Cheibriados
Dithmenos
Elyvilon
Fedhas
Gozag
Hepliaklqana
Kikubaaqudgha
Makhleb
Nemelex Xobeh
Okawaru
Qazlal
Ru
Sif Muna
Trog
Uskayaw
Vehumet
Wu Jian
Xom
Yredelemnul
Zin
The Shining One
Beogh
Jiyva
Lugonu

Annotations:
D exclusions: 9 doors and 8 more exclusions


Innate Abilities, Weirdness & Mutations

You can walk through water.
Your dull iron-grey scales are very hard. (AC +13)
You cannot fit into any form of body armour.
You can survive without breathing.
You are cold-blooded and may be slowed by cold attacks.
Your flesh is cold resistant. (rC+)
Your body sometimes deteriorates upon taking damage.
You are very frail. (-20% HP)
You are covered in fur. (AC +1)
Your muscles are strong. (Str +2)


Message History

Blink to where?
Press: ? - help, Dir - move target cursor You are very lightly contaminated with residual magic.
As you read the scroll of blinking, it crumbles to dust.
Unknown command.
Your stone giant goes berserk!
You feel quite a bit less full.
Unknown command.
What are your orders? t - Shout!
Orders for allies: a - Attack new target. r - Retreat! s - Stop attacking. g - Guard the area. f - Follow me.
Anything else - Cancel.
Guard this area!
Something hits you!!
* * * LOW HITPOINT WARNING * * *
Your body deteriorates!
You feel weakened.
The deep troll shaman calls upon its god to speed up something.
Something hits you!
You die...

.+ #+ .+ #) '# #+
'###############################+
.................................
......)...........)..............
.##############''##############..
.# +... #........# #.. .# #...
#....@...# #..
)####...#######..#### #..
)#.........#........# #..
(#......TT...C......... #..
.#.......T.#........#.. #..
.##+###+##[####..#### # #.. .#
#)# #### #.. .# #)+ #.. ## ###
#++


You could see a deep troll shaman and a friendly stone giant (berserk).

Vanquished Creatures
  A pandemonium lord (D)
  An acid blob (D)
  A nagaraja (D)
  A storm dragon (D)
  An orc warlord (D)
  An emperor scorpion (D)
  A cacodemon (D)
  An angel (D)
  A deep elf demonologist (D)
  A red draconian (D)
  A fire dragon (D)
  Harold (D)
  A hydra (D)
  A merfolk avatar (D)
  An anaconda (D)
  4 hell hogs (D)
  A deep elf knight (D)
  Nergalle (D)
  3 deep trolls (D)
  2 swamp dragons (D)
  2 wolf spiders (D)
  3 harpies (D)
  A deep elf mage (D)
  11 orc knights (D)
  An orange demon (D)
  A smoke demon (D)
  A komodo dragon (D)
  A yaktaur (D)
  A guardian mummy (D)
  A rime drake (D)
  A kobold demonologist (D)
  2 ice devils (D)
  An efreet (D)
  A hellwing (D)
  3 jumping spiders (D)
  A polar bear (D)
  Prince Ribbit (D)
  A hornet (D)
  A merfolk (D)
  4 slime creatures (D)
  4 redbacks (D)
  A spriggan (D)
  A water elemental (D)
  A fire elemental (D)
  A ynoxinul (D)
  A basilisk (D)
  A chaos spawn (D)
  2 wargs (D)
  Menkaure (D)
  An insubstantial wisp (D)
  A porcupine (D)
  2 orc warriors (D)
  An ice beast (D)
  A phantom (D)
  2 wolves (D)
  An ogre (D)
  A crocodile (D)
  3 big kobolds (D)
  A small abomination (D)
  2 quasits (D)
  An orc wizard (D)
  An orc priest (D)
  An iguana (D)
  2 worker ants (D)
  A hell rat (D)
  An adder (D)
  A white imp (D)
  An ufetubus (D)
  A worm (D)
  A leopard gecko (D)
  2 orcs (D)
  A bat (D)
  A bat skeleton (D)
  A bat zombie (D)
  2 goblins (D)
  2 hobgoblins (D)
  A quokka (D)
  2 ball pythons (D)
  A frilled lizard (D)
  4 kobolds (D)
122 creatures vanquished.

Vanquished Creatures (collateral kills)
  A pandemonium lord (D)
  A catoblepas (D)
  A sea snake (D)
  An unseen horror (D)
  A swamp dragon (D)
  2 cyclopes (D)
  Maurice (D)
  A gargoyle (D)
  A smoke demon (D)
  An efreet (D)
  A rime drake (D)
  A guardian mummy (D)
  A jumping spider (D)
  2 blink frogs (D)
  2 redbacks (D)
  3 yaks (D)
  A steam dragon (D)
  A fire elemental (D)
  A vampire mosquito (D)
  An ogre (D)
25 creatures vanquished.

Vanquished Creatures (others)
  An alligator snapping turtle (D)
  2 hellions (D)
  A tormentor (D)
  A blink frog (D)
  A chaos spawn (D)
  A vampire mosquito (D)
  A goblin (D)
  A ball python (D)
9 creatures vanquished.

Grand Total: 156 creatures vanquished

Notes
Turn   | Place    | Note
-------+----------+-------------------------------------------
     0 | D        | Kidiri the Draconian Berserker began the quest for the Orb.
     0 | D        | Reached XP level 1. HP: 19/19 MP: 1/1
    27 | D        | Noticed a worker ant
    34 | D        | Killed a worker ant
    34 | D        | Reached skill level 4 in Fighting
    34 | D        | Reached XP level 2. HP: 28/28 MP: 2/2
    40 | D        | Found a bloodstained altar of Trog.
    40 | D        | Found a deep blue altar of Sif Muna.
    40 | D        | Found a viscous altar of Jiyva.
    40 | D        | Found a hazy altar of Hepliaklqana.
    40 | D        | Found an opulent altar of Gozag.
    73 | D        | Found a glowing golden altar of the Shining One.
    73 | D        | Found a glowing silver altar of Zin.
    73 | D        | Found a basalt altar of Yredelemnul.
    73 | D        | Found a shimmering altar of Xom.
    73 | D        | Found an ornate altar of the Wu Jian Council.
    73 | D        | Found a sacrificial altar of Ru.
    73 | D        | Found a stormy altar of Qazlal.
    73 | D        | Found an iron altar of Okawaru.
    73 | D        | Found a sparkling altar of Nemelex Xobeh.
    73 | D        | Found a burning altar of Makhleb.
    73 | D        | Found a blossoming altar of Fedhas.
    73 | D        | Found a white marble altar of Elyvilon.
    73 | D        | Found a shadowy altar of Dithmenos.
    73 | D        | Found a snail-covered altar of Cheibriados.
    76 | D        | Found a corrupted altar of Lugonu.
    76 | D        | Found a radiant altar of Vehumet.
    76 | D        | Found a roughly hewn altar of Beogh.
    77 | D        | Found an ancient bone altar of Kikubaaqudgha.
    77 | D        | Found a hide-covered altar of Uskayaw.
    77 | D        | Found a shattered altar of Ashenzari.
    97 | D        | Reached skill level 5 in Fighting
    97 | D        | Reached XP level 3. HP: 36/36 MP: 3/3
    98 | D        | Reached ** piety under Trog
   225 | D        | Noticed an ogre
   229 | D        | Reached *** piety under Trog
   236 | D        | Killed an ogre
   236 | D        | Reached skill level 6 in Fighting
   236 | D        | Reached skill level 5 in Dodging
   236 | D        | Reached XP level 4. HP: 45/45 MP: 4/4
   314 | D        | Reached **** piety under Trog
   314 | D        | Reached XP level 5. HP: 50/51 MP: 5/5
   326 | D        | Reached skill level 7 in Fighting
   579 | D        | Killed a hellion
   589 | D        | Noticed a phantom
   608 | D        | Killed a phantom
   608 | D        | Reached ***** piety under Trog
   608 | D        | Reached skill level 8 in Fighting
   608 | D        | Reached XP level 6. HP: 38/61 MP: 6/6
   777 | D        | Received a gift from Trog
   785 | D        | Noticed an orc warrior
   785 | D        | Noticed Menkaure
   793 | D        | Killed Menkaure
   793 | D        | Reached skill level 9 in Fighting
   797 | D        | Killed an orc warrior
   800 | D        | Received a gift from Trog
   800 | D        | Your scales start taking on a dull iron-grey colour.
   800 | D        | Reached XP level 7. HP: 70/70 MP: 7/7
   800 | D        | Gained mutation: You can survive without breathing. [Grey Draconian growth]
   840 | D        | Noticed Prince Ribbit
   848 | D        | Killed Prince Ribbit
   848 | D        | Reached skill level 10 in Fighting
   848 | D        | Reached skill level 5 in Throwing
   891 | D        | Gained mutation: You have large cloven feet. [potion of mutation]
   891 | D        | Gained mutation: You are robust. (+10% HP) [potion of mutation]
   891 | D        | Gained mutation: You are covered in fur. (AC +1) [potion of mutation]
   983 | D        | Noticed a guardian mummy
   986 | D        | Received a gift from Trog
   998 | D        | Killed a guardian mummy
   998 | D        | Reached skill level 10 in Maces & Flails
   998 | D        | Reached XP level 8. HP: 36/88 MP: 8/8
  1193 | D        | Killed a hellion
  1238 | D        | Got an iridescent great mace {god gift}
  1239 | D        | Identified the +5 great mace "Qiguaper" {drain, rElec Stlth+} (Trog gifted it to you in the Dungeon)
  1247 | D        | Noticed an efreet
  1247 | D        | Noticed a sea snake
  1247 | D        | Noticed a cyclops
  1291 | D        | Reached skill level 11 in Fighting
  1292 | D        | Killed an efreet
  1297 | D        | Killed a sea snake
  1297 | D        | Reached skill level 10 in Dodging
  1299 | D        | Killed a cyclops
  1299 | D        | Received a gift from Trog
  1365 | D        | Noticed a jumping spider
  1366 | D        | Noticed a swamp dragon
  1369 | D        | Noticed a wolf spider
  1376 | D        | Reached skill level 12 in Fighting
  1376 | D        | Reached XP level 9. HP: 88/98 MP: 9/9
  1378 | D        | Killed a wolf spider
  1378 | D        | Reached ****** piety under Trog
  1386 | D        | Killed a jumping spider
  1716 | D        | Noticed a rime drake
  1723 | D        | Killed a swamp dragon
  1723 | D        | Reached skill level 13 in Fighting
  1725 | D        | Killed a rime drake
  1725 | D        | Received a gift from Trog
  1806 | D        | Noticed Harold
  1807 | D        | Noticed a deep troll
  1817 | D        | Killed a deep troll
  1817 | D        | Reached XP level 10. HP: 73/111 MP: 10/10
  1821 | D        | Killed Harold
  1821 | D        | Reached skill level 14 in Fighting
  2211 | D        | Received a gift from Trog
  2528 | D        | Noticed Maurice
  2536 | D        | Killed an unseen horror
  2537 | D        | Noticed a cyclops
  2538 | D        | Received a gift from Trog
  2541 | D        | Killed a cyclops
  2542 | D        | Noticed a swamp dragon
  2544 | D        | Killed Maurice
  2544 | D        | Reached skill level 15 in Fighting
  2548 | D        | Killed a swamp dragon
  2624 | D        | Lost mutation: You have large cloven feet. [potion of mutation]
  2624 | D        | Lost mutation: You are robust. (+10% HP) [potion of mutation]
  2624 | D        | Gained mutation: Your muscles are strong. (Str +2) [potion of mutation]
  2624 | D        | Gained mutation: You are frail. (-10% HP) [potion of mutation]
  2624 | D        | Gained mutation: You are very frail. (-20% HP) [potion of mutation]
  2624 | D        | Gained mutation: Your flesh is cold resistant. (rC+) [potion of mutation]
  2807 | D        | Noticed an orc knight
  2813 | D        | Received a gift from Trog
  2820 | D        | Killed an orc knight
  2825 | D        | Received a gift from Trog
  2825 | D        | Reached XP level 11. HP: 45/88 MP: 11/11
  3058 | D        | Noticed a nagaraja
  3073 | D        | Killed a nagaraja
  3076 | D        | Received a gift from Trog
  3079 | D        | Reached skill level 16 in Fighting
  3281 | D        | Reached skill level 15 in Maces & Flails
  3281 | D        | Reached skill level 10 in Throwing
  3286 | D        | Received a gift from Trog
  3538 | D        | Noticed an angel
  3538 | D        | Noticed a harpy
  3538 | D        | Noticed a harpy
  3539 | D        | Noticed a merfolk avatar
  3539 | D        | Noticed a red draconian
  3539 | D        | Noticed a harpy
  3542 | D        | Killed a harpy
  3542 | D        | Received a gift from Trog
  3543 | D        | Noticed a fire dragon
  3543 | D        | Killed a harpy
  3543 | D        | Received a gift from Trog
  3545 | D        | Killed a fire dragon
  3545 | D        | Reached skill level 17 in Fighting
  3547 | D        | Killed a harpy
  3547 | D        | Received a gift from Trog
  3554 | D        | Killed a red draconian
  3556 | D        | Received a gift from Trog
  3558 | D        | Killed a merfolk avatar
  3568 | D        | Killed an angel
  3568 | D        | Reached XP level 12. HP: 68/100 MP: 12/12
  3747 | D        | Killed an alligator snapping turtle
  3767 | D        | Noticed a storm dragon
  3767 | D        | Noticed Nergalle
  3770 | D        | Noticed an anaconda
  3770 | D        | Received a gift from Trog
  3770 | D        | Reached skill level 18 in Fighting
  3773 | D        | Noticed a catoblepas
  3773 | D        | Killed a storm dragon
  3788 | D        | Killed a catoblepas
  3790 | D        | Received a gift from Trog
  3794 | D        | Killed an anaconda
  3798 | D        | Killed Nergalle
  3802 | D        | Received a gift from Trog
  3807 | D        | Noticed a hell hog
  3812 | D        | Killed a hell hog
  3816 | D        | Noticed a four-headed hydra
  3819 | D        | Killed a four-headed hydra
  3819 | D        | Reached skill level 19 in Fighting
  3822 | D        | Noticed a hell hog
  3825 | D        | Killed a hell hog
  3842 | D        | Received a gift from Trog
  3993 | D        | Noticed a hell hog
  4002 | D        | Killed a hell hog
  4004 | D        | Noticed a hell hog
  4007 | D        | Received a gift from Trog
  4010 | D        | Killed a hell hog
  4034 | D        | Got the cursed +1 robe "Nabris" {Int+2}
  4090 | D        | Got the amulet "Ylicreulue" {Gourm Str+4}
  4263 | D        | Noticed an acid blob
  4272 | D        | Killed an acid blob
  4272 | D        | Received a gift from Trog
  4272 | D        | Reached skill level 20 in Fighting
  4619 | D        | Noticed a cacodemon
  4625 | D        | Gained mutation: Your body sometimes deteriorates upon taking damage. [a cacodemon]
  4626 | D        | Killed a cacodemon
  4626 | D        | Reached XP level 13. HP: 111/111 MP: 13/13
  4630 | D        | Noticed Losaohown the pandemonium lord
  4639 | D        | Killed Losaohown the pandemonium lord
  4671 | D        | Noticed a deep elf demonologist
  4674 | D        | Noticed an Executioner
  4677 | D        | Killed a deep elf demonologist
  4928 | D        | Noticed Inar the pandemonium lord
  4934 | D        | Killed Inar the pandemonium lord
  4934 | D        | Reached skill level 21 in Fighting
  5105 | D        | Noticed an emperor scorpion
  5106 | D        | Noticed an orc warlord
  5106 | D        | Noticed an orc warlord
  5170 | D        | Killed an emperor scorpion
  5171 | D        | Received a gift from Trog
  5906 | D        | Received a gift from Trog
  5911 | D        | Received a gift from Trog
  6014 | D        | Reached skill level 22 in Fighting
  6045 | D        | Killed an orc warlord
  6382 | D        | Received a gift from Trog
  6403 | D        | HP: 3/116 [something (18)]
  6403 | D        | Mangled by a deep elf knight

Vault maps used:
D:        pitsprint

Skill      XL: |  1  2  3  4  5  6  7  8  9 10 11 12 13 |
---------------+----------------------------------------+-----
Fighting       | 4 5 6 8 9 10 12 13 15 17 20 22 | 22.5
Maces & Flails | 4 6 7 8 10 11 12 14 16 18 21 | 21.0
Dodging        | 4 5 6 7 9 10 11 13 | 13.8
Throwing       | 2 3 4 5 6 8 9 11 12 14 | 14.4
Stealth        | |  0.3

Action                   |  1- 3 |  4- 6 |  7- 9 | 10-12 | 13-15 || total
-------------------------+-------+-------+-------+-------+-------++-------
Melee: Mace              |    28 |       |       |       |       ||    28
       Tailslap          |     2 |     6 |     7 |    28 |    14 ||    57
       Flail             |       |    56 |     6 |       |       ||    62
       Dire flail        |       |       |    15 |       |       ||    15
       Great mace        |       |       |    23 |   188 |    59 ||   270
Throw: Javelin           |       |       |       |     8 |    47 ||    55
Invok: Berserk           |     2 |     2 |     4 |    10 |     5 ||    23
       Brothers in Arms  |       |       |     1 |     4 |     2 ||     7
       Trog's Hand       |       |       |       |     1 |     2 ||     3
       Burn Spellbooks   |       |       |       |     1 |       ||     1
  Use: Potion            |     1 |       |     1 |     2 |     1 ||     5
       Scroll            |       |       |       |     1 |     1 ||     2
 Stab: Sleeping          |     1 |     1 |       |       |     1 ||     3
       Distracted        |       |       |       |     1 |       ||     1
  Eat: Chunk             |       |     3 |     7 |     8 |    12 ||    30
       Fruit             |       |       |       |    23 |       ||    23
Armor: Skin              |    13 |    23 |    21 |    44 |    13 ||   114
Dodge: Dodged            |    33 |    45 |    66 |   125 |    28 ||   297

Table legend:
 A = Spawn XP
 B = Non-spawn XP
 C = Spawn XP percentage of total XP
 D = Spawn monster count
 E = Non-spawn monster count
 F = Spawn count percentage of total count
 G = Total turns spent on level
                    A         B        C        D         E        F      G
               +---------+---------+-------+---------+---------+-------+---------
         Total |       0 |   60531 |   0.0 |       0 |     147 |   0.0 |  6403
               +---------+---------+-------+---------+---------+-------+---------
             D |       0 |   60531 |   0.0 |       0 |     147 |   0.0 |  6403
               +---------+---------+-------+---------+---------+-------+---------
